 Dungeon Crawl Stone Soup version 0.29.1-15-g9cfb28693d (webtiles) character file.

Game seed: 15238670351389944683

15220 kingofthe the Covert (level 11, -1/47 HPs)
             Began as a Spriggan Enchanter on Mar 20, 2023.
             Was an Elder of Dithmenos.
             Slain by a death yak (25 damage)
             ... on level 2 of the Lair of Beasts on Mar 23, 2023.
             The game lasted 01:14:27 (14713 turns).

kingofthe the Covert (Spriggan Enchanter)          Turns: 14713, Time: 01:14:27

Health: -1/47      AC:  7    Str:  5    XL:     11   Next: 99%
Magic:  36/36      EV: 27    Int: 16    God:    Dithmenos [****..]
Gold:   1316       SH:  0    Dex: 19    Spells: 21/32 levels left

rFire   . . .      SeeInvis +   a - +2 dagger (freeze)
rCold   + . .      Faith    .   j - orb {guile}
rNeg    + . .      Spirit   .   D - +2 robe {rC+}
rPois   +          Reflect  .   (helmet restricted)
rElec   .          Harm     .   m - +2 ratskin cloak {*Rats rPois rN+ Str-1 Int-1 Dex+1, dopeAF}
rCorr   +          Rampage  .   (gloves unavailable)
Will    .....                   (boots unavailable)
Stlth   +++++++++.              h - amulet of regeneration
HPRegen 0.95/turn               R - ring of resist corrosion
MPRegen 0.25/turn               M - ring of magical power

@: wreathed by umbra, very quick
A: very small, no large weapons, unfitting armour, see invisible, speed 3
a: Renounce Religion, Shadow Step


You were on level 2 of the Lair of Beasts.
You worshipped Dithmenos.
Dithmenos was greatly pleased with you.
You visited 3 branches of the dungeon, and saw 14 of its levels.
You also visited: Bailey.

You collected 1406 gold pieces.
You spent 90 gold pieces at shops.


Innate Abilities, Weirdness & Mutations

You are very small and have problems with some larger weapons.
You are too small for most types of armour.
You have supernaturally acute eyesight. (SInv)
You cover ground extremely quickly. (Speed+++)


   Skills:
 + Level 5.9 Short Blades
 + Level 12.6 Dodging
 + Level 14.1 Stealth
 + Level 11.1 Spellcasting
 + Level 11.3 Hexes
 + Level 6.9 Evocations


You had 21 spell levels left.
You knew the following spells:

 Your Spells              Type           Power      Damage    Failure   Level
a - Ensorcelled Hibernat  Hex/Ice        54%        N/A       1%          2
b - Confusing Touch       Hex            45%        N/A       1%          3
c - Tukima's Dance        Hex            45%        N/A       1%          3
d - Dazzling Flash        Conj/Hex       54%        N/A       2%          3

Your spell library contained the following spells:

 Spells                   Type           Power      Damage    Failure   Level
 Portal Projectile        Hex/Tloc       54%        N/A       2%          3
 Anguish                  Hex/Necr       13%        N/A       8%          4
 Freeze                   Ice            32%        1d5       9%          1
 Sublimation of Blood     Necr           8%         N/A       12%         2
 Wereblood                Tmut           8%         N/A       12%         2
 Frozen Ramparts          Ice            16%        1d3       24%         3
 Spider Form              Tmut/Pois      8%         N/A       24%         3
 Hailstorm                Conj/Ice       8%         3d4       63%         4
 Blade Hands              Tmut           4%         N/A       92%         5
 Summon Hydra             Summ           4%         N/A       100%        7

Inventory:

Hand Weapons
 a - a +2 dagger of freezing (weapon)
 b - a +1 dagger of speed
 c - a +4 short sword of venom
 f - a +1 dagger
 J - a +0 vorpal sling
Missiles
 e - 3 throwing nets {=f}
 r - 6 atropa-tipped darts
 Q - 8 poisoned darts (quivered)
Armour
 j - an orb of guile (worn)
 k - a +0 robe of willpower
 m - the +2 ratskin cloak (worn) {*Rats rPois rN+ Str-1 Int-1 Dex+1, dopeAF}
   (You found it on level 2 of the Dungeon)

   When the wearer is hurt, rats may emerge from it to assist them.
   Str:       It affects your strength (-1).
   Int:       It affects your intelligence (-1).
   Dex:       It affects your dexterity (+1).
   rPois:     It protects you from poison.
   rN:        It protects you from negative energy.
 v - an orb of light
 D - a +2 robe of cold resistance (worn)
 O - a +0 troll leather armour
Jewellery
 h - an amulet of regeneration (around neck)
 C - a ring of ice
 L - a ring of flight
 M - a ring of magical power (right hand)
 P - a ring of poison resistance
 R - a ring of resist corrosion (left hand)
Wands
 t - a wand of flame (17)
 y - a wand of acid (16)
 B - a wand of roots (27)
 U - a wand of charming (19)
Scrolls
 d - 5 scrolls of teleportation {@r2}
 g - 2 scrolls of amnesia {unknown}
 n - a scroll of blinking {unknown}
 p - a scroll of enchant armour
 w - a scroll of summoning {unknown}
 A - a scroll of brand weapon {unknown}
 F - 2 scrolls of enchant weapon
 G - 5 scrolls of magic mapping
 I - 3 scrolls of identify {@r1}
 N - a scroll of vulnerability {unknown}
Potions
 i - 5 potions of curing {@q1}
 l - 3 potions of might
 o - a potion of resistance {unknown}
 q - a potion of experience {unknown}
 s - 2 potions of haste {unknown}
 u - 2 potions of magic {unknown}
 x - 2 potions of brilliance
 z - 2 potions of ambrosia {unknown}
 E - a potion of heal wounds {unknown}
 H - 2 potions of mutation
 K - 5 potions of invisibility
Miscellaneous
 S - a phial of floods

Dungeon Overview and Level Annotations

Branches:
Dungeon (11/15)            Temple (1/1) D:6            Lair (2/5) D:9
 Bailey (visited)
  Swamp: Lair:2-3    Shoals: Lair:2-3     Snake: Lair:2-3    Spider: Lair:2-3
    Orc: D:9-12

Altars:
Ashenzari
Cheibriados
Dithmenos
Elyvilon
Fedhas
Gozag
Hepliaklqana
Kikubaaqudgha
Makhleb
Nemelex Xobeh
Okawaru
Qazlal
Ru
Sif Muna
Trog
Uskayaw
Vehumet
Wu Jian
Xom
Yredelemnul
Zin
The Shining One

Shops:
D:1 [   D:6 [

Annotations:
D:10 Nergalle
Lair:1 2 transporters, Gelion's ghost, journeyman DsCj

##. ..P#
##..#...## P.
##.~~~~..P##
..##.~~≈~~~~..#
.##..~≈≈≈≈≈≈~..#
...#.~≈≈≈≈~~~~.#
...P~~≈~§.§~~~.#
#..~~≈rY@§≈~~~#
##.P.~≈~Y§§~≈≈...
#....~≈~≈§§≈≈~~..
.....~~≈~≈≈~F..##
...P#.~~(~~~~~##
P.. ##.~..~~.##
#. ............
#..((#(##P....
....###.Y ##.F#


You could see 2 death yaks, a bullfrog and a friendly hell rat.


Message History

Aiming: Ensorcelled Hibernation (safe; 1% risk of failure)
Press: ? - help, Shift-Dir - straight line, f - death yak
Aim: a death yak (umbra, chance to affect: 57%)
The death yak resists with almost no effort.
Your shadow mimicks your spell!
The death yak resists with almost no effort.
The death yak completely misses you.
Casting: Ensorcelled Hibernation (safe; 1% risk of failure)
Confirm with . or Enter, or press ? or * to list all spells.
Aiming: Ensorcelled Hibernation (safe; 1% risk of failure)
Press: ? - help, Shift-Dir - straight line, f/p - death yak
Aim: a death yak (umbra, chance to affect: 57%)
The death yak looks drowsy...
The helpless death yak fails to defend itself.
You skewer the death yak like a kebab!!!!
You freeze the death yak!
You kill the death yak!
Dithmenos accepts your kill.
You start resting.
Magic restored.
You climb downwards.
The death yak completely misses you. x2
The death yak gores you!!
Ouch! That really hurt!
* * * LOW HITPOINT WARNING * * *
A hell rat scurries out from under your cloak.
You emit a cloud of dark smoke.
The death yak completely misses you.
There is a stone staircase leading up, spattered with blood here.
The death yak gores you!!
Ouch! That really hurt!
You die...

Skill      XL: |  1  2  3  4  5  6  7  8  9 10 11 |
---------------+----------------------------------+-----
Dodging        | 3 4 5 6 8 10 11 12 | 12.6
Stealth        | 5 7 8 9 10 12 14 | 14.1
Spellcasting   | 3 4 6 7 9 10 11 | 11.1
Hexes          | 4 5 6 8 9 10 11 | 11.3
Evocations     | 1 4 6 |  6.9
Short Blades   | 2 4 5 |  5.9

Action                   |  1- 3 |  4- 6 |  7- 9 | 10-12 || total
-------------------------+-------+-------+-------+-------++-------
Melee: Dagger            |    97 |    77 |   203 |   169 ||   546
Throw: Dart              |       |       |       |    39 ||    39
 Cast: Ensorcelled Hiber |    23 |    35 |    85 |    91 ||   234
       Confusing Touch   |     2 |     3 |    14 |    11 ||    30
Evoke: Wand              |       |     1 |     4 |     3 ||     8
  Use: Scroll            |     1 |       |     5 |     6 ||    12
 Stab: Sleeping          |    16 |    25 |    73 |    92 ||   206
       Confused          |     2 |     3 |    14 |    10 ||    29
       Distracted        |       |     1 |     2 |     4 ||     7
Armor: Robe              |    10 |    14 |    15 |     5 ||    44
Dodge: Dodged            |    70 |    47 |   152 |   124 ||   393

Levels and vault maps discovered:
D:1:      mrwooster_arrival_statue_2, layout_loops_ring,
          shapermc_ecumenical_altar_gd, serial_shops, nicolae_shop_trees
D:2:      layout_basic, uniq_robin, uniq_sigmund
D:3:      layout_loops_ring, tgw_sif, uniq_terence, uniq_natasha
D:4:      layout_basic, kennysheep_windowed_goal
D:5:      minmay_spotlight, layout_loops_ring, minmay_overflow_temple_star_quad,
          grunt_qazlal_clouds, mainiacjoe_overflow_chevrons,
          lightli_temple_of_fire, hangedman_abyss_or_decor_passed,
          minmay_misc_feat_diagonals, uniq_pikel, uniq_eustachio
D:6:      layout_gridville, minmay_temple_entry_proselytizer, serial_shops,
          shop, nicolae_grassy_gnolls, uniq_grinder, uniq_duvessa
D:7:      layout_layer_cave, old_standard_altar, zin_purify,
          yredelemnul_forgotten_temple_becter, enter_bailey_5
D:8:      layout_basic, mainiacjoe_overflow_alcove_1, lemuel_crystal_altar
D:9:      layout_small_grid, dpeg_lair_monsters
D:10:     layout_roguey, uniq_nergalle
D:11:     layout_irregular_city, hiddenorc1_lemuel, serial_rivers,
          chequers_serial_rivers_micro_e, chequers_serial_rivers_small_b,
          chequers_serial_rivers_small_b, chequers_serial_rivers_micro_b,
          chequers_serial_rivers_small_b, corexii_leaking_fountain
Temple:   eino_temple_lava
Lair:1:   layout_loops_ring, gammafunk_ghost_wrathful_warriors
Lair:2:   layout_loops_ring, infiniplex_staircase_pool_2

Notes
Turn   | Place    | Note
-------+----------+-------------------------------------------
     0 | D:1      | kingofthe the Spriggan Enchanter began the quest for the
                  | Orb.
     0 | D:1      | Reached XP level 1. HP: 9/9 MP: 5/5
   180 | D:1      | Found Haimail's Armour Shop.
   220 | D:1      | Reached XP level 2. HP: 12/13 MP: 6/6
   227 | D:1      | Reached skill level 3 in Dodging
   230 | D:1      | Learned a level 2 spell: Ensorcelled Hibernation
   333 | D:1      | Reached skill level 5 in Stealth
   482 | D:1      | Found a faded altar of an unknown god.
   572 | D:1      | Reached skill level 3 in Spellcasting
  1210 | D:2      | Noticed Sigmund
  1563 | D:2      | Reached XP level 3. HP: 15/16 MP: 1/8
  1649 | D:2      | Reached skill level 4 in Hexes
  1652 | D:2      | Found the +2 ratskin cloak {*Rats rPois rN+ Str-1 Int-1
                  | Dex+1}
  1764 | D:2      | Learned a level 3 spell: Confusing Touch
  1785 | D:2      | Noticed Robin
  2326 | D:2      | Killed Robin
  2396 | D:2      | Killed Sigmund
  2397 | D:2      | Reached skill level 4 in Dodging
  2397 | D:2      | Reached skill level 7 in Stealth
  2397 | D:2      | Reached skill level 4 in Spellcasting
  2397 | D:2      | Reached XP level 4. HP: 19/21 MP: 6/11
  2397 | D:2      | Reached XP level 5. HP: 21/24 MP: 6/12
  2402 | D:2      | Learned a level 3 spell: Tukima's Dance
  2835 | D:3      | Noticed Natasha
  3051 | D:3      | Noticed Jessica
  3290 | D:3      | Reached XP level 6. HP: 28/28 MP: 2/13
  3495 | D:3      | Killed Natasha
  3628 | D:3      | Noticed Natasha
  3638 | D:3      | Killed Natasha
  3639 | D:3      | Reached skill level 5 in Hexes
  3675 | D:3      | Noticed Natasha
  3690 | D:3      | Killed Natasha
  3702 | D:3      | Noticed Terence
  3718 | D:3      | Killed Terence
  3743 | D:3      | Found a shimmering blue altar of Sif Muna.
  3750 | D:3      | Killed Jessica
  4022 | D:3      | Reached skill level 5 in Dodging
  4182 | D:4      | Reached XP level 7. HP: 32/32 MP: 12/15
  4349 | D:4      | Reached skill level 8 in Stealth
  4349 | D:4      | Reached skill level 5 in Spellcasting
  4692 | D:4      | Reached skill level 6 in Dodging
  4692 | D:4      | Reached skill level 6 in Hexes
  5364 | D:5      | Entered Level 5 of the Dungeon
  5404 | D:5      | Noticed Eustachio
  5415 | D:5      | Killed Eustachio
  5416 | D:5      | Reached skill level 6 in Spellcasting
  5416 | D:5      | Reached XP level 8. HP: 36/36 MP: 11/18
  5518 | D:5      | Found a blossoming altar of Fedhas.
  5578 | D:5      | Reached skill level 7 in Dodging
  5578 | D:5      | Reached skill level 7 in Hexes
  5723 | D:5      | Found a hazy altar of Hepliaklqana.
  5729 | D:5      | Found a broken altar of Ashenzari.
  5734 | D:5      | Found a shimmering altar of Xom.
  5774 | D:5      | Found a stormy altar of Qazlal.
  5787 | D:5      | Reached skill level 9 in Stealth
  5943 | D:5      | Reached skill level 7 in Spellcasting
  6098 | D:5      | Found a bloodstained altar of Trog.
  6217 | D:5      | Noticed Pikel
  6243 | D:5      | Killed Pikel
  6244 | D:5      | Reached skill level 8 in Dodging
  6244 | D:5      | Reached skill level 8 in Hexes
  6244 | D:5      | Reached XP level 9. HP: 34/39 MP: 6/21
  6506 | D:6      | Noticed Duvessa
  6506 | D:6      | Noticed Dowan
  6510 | D:6      | Killed Duvessa
  6516 | D:6      | Killed Dowan
  6554 | D:6      | Noticed Grinder
  6575 | D:6      | Killed Grinder
  6576 | D:6      | Reached skill level 8 in Spellcasting
  6723 | D:6      | Found Soom's Antique Armour Shop.
  6775 | D:6      | Reached skill level 9 in Dodging
  6785 | D:6      | Reached skill level 10 in Stealth
  7012 | D:6      | Found a staircase to the Ecumenical Temple.
  7027 | Temple   | Entered the Ecumenical Temple
  7041 | Temple   | Became a worshipper of Dithmenos the Shadowed
  7116 | D:6      | Reached skill level 9 in Hexes
  7649 | D:7      | Reached skill level 9 in Spellcasting
  7652 | D:7      | Found Zin's Purification Station.
  7652 | D:7      | Found a glowing silver altar of Zin.
  7664 | D:7      | Bought a potion of curing for 90 gold pieces
  7773 | D:7      | Reached * piety under Dithmenos
  7869 | D:7      | Found a flagged portal.
  7937 | Bailey   | Entered a bailey
  8012 | Bailey   | Learned a level 3 spell: Dazzling Flash
  8248 | Bailey   | Reached skill level 10 in Dodging
  8266 | Bailey   | Reached skill level 1 in Evocations
  8278 | Bailey   | Reached skill level 2 in Short Blades
  8278 | Bailey   | Reached XP level 10. HP: 44/44 MP: 8/24
  8515 | D:7      | Reached skill level 11 in Stealth
  8522 | D:7      | Reached ** piety under Dithmenos
  8698 | D:7      | Found a hide-covered altar of Uskayaw.
  9092 | D:7      | Found a basalt altar of Yredelemnul.
  9489 | D:8      | Found an opulent altar of Gozag.
  9624 | D:8      | Reached skill level 2 in Evocations
  9958 | D:8      | Found a glowing golden altar of the Shining One.
 10650 | D:9      | Reached *** piety under Dithmenos
 10681 | D:9      | Noticed a death yak
 10681 | D:9      | Noticed a death yak
 10707 | D:8      | Killed a death yak
 10708 | D:8      | Reached skill level 3 in Short Blades
 10878 | D:9      | Reached skill level 11 in Dodging
 10878 | D:9      | Reached skill level 12 in Stealth
 10878 | D:9      | Reached skill level 3 in Evocations
 11179 | D:9      | Reached skill level 10 in Hexes
 11301 | D:9      | Noticed a death yak
 11321 | D:9      | Noticed a death yak
 11321 | D:9      | Noticed a death yak
 11321 | D:9      | Noticed a death yak
 11322 | D:9      | Noticed a death yak
 11402 | D:9      | Killed a death yak
 11468 | D:9      | Found a staircase to the Lair.
 11746 | D:10     | Entered Level 10 of the Dungeon
 11778 | D:9      | >>fuckkkk
 11991 | D:10     | Reached skill level 4 in Evocations
 12269 | D:10     | Reached skill level 10 in Spellcasting
 12286 | D:10     | Reached skill level 4 in Short Blades
 12350 | D:10     | Reached XP level 11. HP: 43/47 MP: 26/26
 12471 | D:10     | Noticed Nergalle
 12880 | D:10     | Reached skill level 13 in Stealth
 12974 | D:9      | Killed a death yak
 13035 | D:9      | Killed a death yak
 13036 | D:9      | Reached skill level 5 in Evocations
 13066 | D:9      | Killed a death yak
 13067 | D:9      | Reached skill level 12 in Dodging
 13117 | D:9      | Killed a death yak
 13124 | D:9      | Killed a death yak
 13124 | D:9      | Reached **** piety under Dithmenos
 13125 | D:9      | Reached skill level 5 in Short Blades
 13765 | Lair:1   | Entered Level 1 of the Lair of Beasts
 13868 | Lair:1   | Found a transporter.
 13885 | Lair:1   | Noticed a spriggan rider
 13885 | Lair:1   | Noticed Gelion's ghost (journeyman DsCj)
 13886 | Lair:1   | Found a bloodstained altar of Trog.
 13952 | Lair:1   | Reached skill level 6 in Evocations
 13983 | Lair:1   | Reached skill level 11 in Hexes
 14112 | Lair:1   | Reached skill level 11 in Spellcasting
 14380 | Lair:1   | Noticed a spriggan rider
 14387 | Lair:1   | Found a transporter.
 14397 | Lair:1   | Reached skill level 14 in Stealth
 14544 | Lair:2   | Noticed a death yak
 14632 | Lair:2   | Noticed a death yak
 14641 | Lair:2   | Noticed a death yak
 14651 | Lair:2   | Noticed a death yak
 14666 | Lair:1   | Killed a death yak
 14697 | Lair:1   | Killed a death yak
 14713 | Lair:2   | Slain by a death yak

Vanquished Creatures
  8 death yaks
  Pikel (D:5)
  A komodo dragon (Lair:1)
  4 trolls
  Grinder (D:6)
  5 blink frogs (Lair:1)
  A hornet (D:7)
  2 wraiths
  Sigmund (D:2)
  2 wyverns
  Eustachio (D:5)
  A steam dragon (D:9)
  2 basilisks (Lair:1)
  3 vampire mosquitoes (D:10)
  An acid dragon (D:9)
  Duvessa (D:6)
  4 water moccasins
  8 orc warriors
  2 ice beasts
  A sky beast (D:7)
  3 black bears (D:6)
  3 ogres
  3 centaurs (D:10)
  6 wolves (Lair:1)
  A lemure (D:5)
  A phantom (D:4)
  2 kobold brigands
  4 bullfrogs
  2 necrophages
  A gnoll sergeant (D:6)
  4 scorpions
  6 wights
  Dowan (D:6)
  6 howler monkeys
  A gnoll bouda (D:6)
  3 hounds
  2 jellies
  3 orc priests
  Jessica (D:3)
  Natasha (twice) (D:3)
  Terence (D:3)
  3 iguanas
  11 orc wizards
  5 adders
  8 gnolls
  A shadow imp (D:8)
  3 white imps
  4 ufetubi
  5 worms
  4 dart slugs
  41 orcs
  8 endoplasms
  3 giant cockroaches (D:1)
  13 goblins
  15 hobgoblins
  3 jackals (D:3)
  4 quokkas
  7 ball pythons
  4 bats
  7 frilled lizards
  27 kobolds
  3 rats
  A spectral orc (D:7)
286 creatures vanquished.

Vanquished Creatures (collateral kills)
  A death yak (D:8)
  A wight (D:6)
  Natasha (D:3)
  Robin (D:2)
  3 gnolls (D:6)
  A goblin (D:2)
  2 hobgoblins (D:2)
10 creatures vanquished.

Vanquished Creatures (others)
  4 fungi (D:1)
  6 plants
10 creatures vanquished.

Grand Total: 306 creatures vanquished

Table legend: (Time is in decaauts)
 A = Elapsed time spent in this place.
 B = Non-inter-level travel time spent in this place.
 C = Inter-level travel time spent in this place.
 D = Time resting spent in this place.
 E = Time spent auto-exploring this place.
 F = Levels seen in this place.
 G = Mean time per level.
                   A        B        C        D        E       F      G
               +--------+--------+--------+--------+--------+-----+--------+
         Total |  10576 |   9876 |    700 |   1038 |   5676 |  15 |  705.1 |
       Dungeon |   9491 |   8841 |    650 |    878 |   5210 |  11 |  862.8 |
        Temple |     41 |     38 |      3 |      0 |     28 |   1 |   41.0 |
          Lair |    646 |    600 |     46 |     34 |    369 |   2 |  323.0 |
        Bailey |    397 |    397 |      0 |    126 |     68 |   1 |  397.0 |
               +--------+--------+--------+--------+--------+-----+--------+

Top non-repeatable levels by time:
     D:9: 1409 daAuts
     D:4: 1100 daAuts
     D:3: 1061 daAuts
     D:1: 970 daAuts
     D:2: 955 daAuts
     D:8: 933 daAuts
     D:5: 879 daAuts
     D:7: 778 daAuts
     D:6: 695 daAuts
    D:10: 652 daAuts
  Lair:1: 589 daAuts
  Bailey: 397 daAuts
  Lair:2: 57 daAuts
    D:11: 55 daAuts
  Temple: 41 daAuts

Table legend:
 A = Non-vault XP
 B = Vault XP
 C = Vault XP percentage of total XP
 D = Non-vault monster count
 E = Vault monster count
 F = Vault count percentage of total count
                 A         B        C        D         E       F
            +---------+---------+-------+---------+---------+-------
      Total |   13111 |    8632 |  39.7 |     220 |      75 |  25.4
            +---------+---------+-------+---------+---------+-------
        D:1 |      31 |       2 |   6.1 |      18 |       1 |   5.3
        D:2 |      13 |     251 |  95.1 |       7 |      13 |  65.0
        D:3 |     249 |     109 |  30.4 |      29 |       3 |   9.4
        D:4 |     668 |     105 |  13.6 |      29 |       1 |   3.3
        D:5 |     458 |    1052 |  69.7 |      11 |       6 |  35.3
        D:6 |    1121 |     668 |  37.3 |      23 |       9 |  28.1
        D:7 |     739 |       6 |   0.8 |      23 |       4 |  14.8
        D:8 |     750 |     805 |  51.8 |      22 |       1 |   4.3
        D:9 |    1359 |    4877 |  78.2 |      18 |       6 |  25.0
       D:10 |    2142 |       3 |   0.1 |      18 |       1 |   5.3
       D:11 |     608 |      38 |   5.9 |       2 |       2 |  50.0
     Lair:1 |    4973 |       0 |   0.0 |      20 |       0 |   0.0
     Bailey |       0 |     716 | 100.0 |       0 |      28 | 100.0
            +---------+---------+-------+---------+---------+-------
